 Dungeon Crawl Stone Soup version 0.24-a0-581-gc0fa660 (webtiles) character file.

Game seed: 491847625282633304

388 Alphaeus the Shield-Bearer (level 6, -4/43 HPs)
             Began as an Octopode Fighter on Aug 24, 2019.
             Slain by a gnoll
             ... wielding a +0 spear
              (6 damage)
             ... on level 4 of the Dungeon.
             The game lasted 00:02:58 (4369 turns).

Alphaeus the Shield-Bearer (Octopode Fighter)       Turns: 4369, Time: 00:02:59

Health: -4/43      AC:  1    Str: 16 (17) XL:     6   Next: 79%
Magic:  6/6        EV: 12    Int:  7 (10) God:
Gold:   238        SH:  9    Dex: 10 (12) Spells: 5/5 levels left

rFire    . . .     SeeInvis .     - Unarmed
rCold    + . .     Gourm    .   a - +0 shield
rNeg     . . .     Faith    .   (helmet restricted)
rPois    .         Spirit   .   (no amulet)
rElec    .         Reflect  .   j - ring of stealth
rCorr    .         Harm     .   i - ring of protection from cold
MR       .....                  (no ring)
Stlth    +++.......             (no ring)
HPRegen  0.14/turn              (no ring)
MPRegen  0.10/turn              (no ring)
                                (no ring)
                                (no ring)

@: lethally poisoned (-4 -> -5)
A: almost no armour, stealthy swim, amphibious, 8 rings, constrict 8, camouflage
1, gelatinous body 1
a: no special abilities


You were on level 4 of the Dungeon.
You were not hungry.

You visited 1 branch of the dungeon, and saw 4 of its levels.

You collected 238 gold pieces.

Inventory:

Armour
 a - a +0 shield (worn)
Jewellery
 i - a ring of protection from cold (right tentacle)
 j - a ring of stealth (left tentacle)
Wands
 m - a wand of polymorph (20)
Scrolls
 d - a scroll of enchant armour {unknown}
 e - a scroll of immolation {unknown}
 g - 5 scrolls of identify {unknown}
 k - a scroll of fog {unknown}
 n - a scroll of amnesia {unknown}
 p - a scroll of teleportation {unknown}
Potions
 b - a potion of might
 f - a potion of magic
Comestibles
 c - 7 rations


   Skills:
 + Level 4.2 Fighting
 + Level 4.2 Dodging
 * Level 5.2 Shields
 + Level 3.4 Unarmed Combat


You had 5 spell levels left.
You didn't know any spells.
Your spell library was empty.

Dungeon Overview and Level Annotations

Branches:
Dungeon (4/15)
 Temple: D:4-7

Altars:
Elyvilon
Fedhas
Makhleb
Uskayaw


Innate Abilities, Weirdness & Mutations

You cannot wear most types of armour.
You are very stealthy in the water. (Stealth+)
You are amphibious.
You can wear up to eight rings at the same time.
You can use your tentacles to constrict eight enemies at once.
Your skin changes colour to match your surroundings (Stealth+).
Your rubbery body absorbs attacks. (AC +1, EV +1)


Message History

* * * LOW HITPOINT WARNING * * *
You tentacle-slap the orc priest but do no damage.
The orc priest is heavily wounded.
You constrict the orc priest.
You feel sick. The orc hits you with a +0 club.
* * * LOW HITPOINT WARNING * * *
You block the orc's attack. You block the orc priest's attack.
Your magic is already full.
You tentacle-slap the orc priest but do no damage.
The orc priest is severely wounded.
You constrict the orc priest. The gnoll barely misses you.
You block the orc's attack. The orc hits you with a +0 whip.
* * * LOW HITPOINT WARNING * * *
You block the orc priest's attack.
You tentacle-slap the orc priest but do no damage.
The orc priest is almost dead.
You constrict the orc priest.
You kill the orc priest!
You feel your strength returning.
The gnoll hits you from afar with a +0 spear.
You die...

##.## .... #.# (.. #.#
... ##'## #.# ##...#
###.# ##.####
####+####.#.# ##..#
#..P.P[)....###...#
#....o@.......'...#
####.#o#...####.......
#..g##.## ##.......
###.#### ##)....# #.#
##...## #.# #+## #.#
#.#


You could see a gnoll and 2 orcs.

Vanquished Creatures
  An ogre (D:4)
  An orc priest (D:4)
  Natasha (thrice) (D:2)
  An orc wizard (D:4)
  A worker ant (D:4)
  A gnoll (D:1)
  3 adders
  3 worms
  5 dart slugs
  3 leopard geckos
  9 orcs
  A ball python (D:1)
  5 giant cockroaches
  8 goblins
  8 hobgoblins
  7 jackals
  9 kobolds
  5 bats
  4 frilled lizards
  11 rats
89 creatures vanquished.

Notes
Turn   | Place    | Note
-------+----------+-------------------------------------------
     0 | D:1      | Alphaeus the Octopode Fighter began the quest for the Orb.
     0 | D:1      | Reached XP level 1. HP: 16/16 MP: 1/1
   407 | D:1      | Reached XP level 2. HP: 21/21 MP: 2/2
   577 | D:1      | Reached XP level 3. HP: 15/26 MP: 3/3
   757 | D:1      | You fall into a shaft and drop 1 floor!
  1188 | D:2      | Noticed Natasha
  1195 | D:2      | Killed Natasha
  1195 | D:2      | Reached XP level 4. HP: 31/31 MP: 4/4
  1487 | D:2      | Reached skill level 4 in Shields
  2270 | D:1      | Reached XP level 5. HP: 36/36 MP: 5/5
  2350 | D:2      | Noticed Natasha
  2360 | D:2      | Killed Natasha
  2407 | D:2      | Noticed Natasha
  2665 | D:2      | Killed Natasha
  3536 | D:4      | Found a blossoming altar of Fedhas.
  3559 | D:4      | Found a burning altar of Makhleb.
  3590 | D:4      | Found a hide-covered altar of Uskayaw.
  3632 | D:4      | Found a white marble altar of Elyvilon.
  3678 | D:4      | Noticed an ogre
  3705 | D:4      | Killed an ogre
  3705 | D:4      | Reached XP level 6. HP: 18/43 MP: 6/6
  3931 | D:4      | HP: 1/43 [orc wizard/+0 dagger (5)]
  3938 | D:4      | Reached skill level 5 in Shields
  4368 | D:4      | HP: 2/43 [orc/+0 whip (3)]
  4369 | D:4      | Slain by a gnoll

Levels and vault maps discovered:
D:1:      dpeg_arrival_three_same_balls, layout_basic, minmay_misc_feat_plants,
          minmay_close_crescents
D:2:      layout_loops_cross, kennysheep_generic_room_12, uniq_natasha
D:3:      layout_basic, roderic_cross_of_infinity
D:4:      layout_loops_corners, nicolae_overflow_quartered_altars, first_ration,
          supply_closet_lemuel, cheibrodos_gnoll_hut

Skill      XL: |  1  2  3  4  5  6 |
---------------+-------------------+-----
Shields        | 4 5 |  5.2
Unarmed Combat | 3 |  3.4
Fighting       | 4 |  4.2
Dodging        | 4 |  4.2

Action                   |  1- 3 |  4- 6 || total
-------------------------+-------+-------++-------
Melee: Unarmed           |    55 |   169 ||   224
       Constrict         |    14 |    42 ||    56
       Tentacles         |    10 |    45 ||    55
       Punch             |       |     2 ||     2
  Use: Potion            |       |     4 ||     4
 Stab: Sleeping          |     3 |    17 ||    20
  Eat: Chunk             |     1 |    10 ||    11
Armor: Skin              |       |     8 ||     8
Dodge: Dodged            |    19 |    46 ||    65
Block: Shield            |    13 |    64 ||    77

Table legend:
 A = Non-vault XP
 B = Vault XP
 C = Vault XP percentage of total XP
 D = Non-vault monster count
 E = Vault monster count
 F = Vault count percentage of total count
                 A         B        C        D         E       F
            +---------+---------+-------+---------+---------+-------
      Total |     497 |      58 |  10.5 |      83 |       6 |   6.7
            +---------+---------+-------+---------+---------+-------
        D:1 |      54 |      19 |  26.0 |      29 |       4 |  12.1
        D:2 |     127 |      39 |  23.5 |      16 |       2 |  11.1
        D:3 |      63 |       0 |   0.0 |      24 |       0 |   0.0
        D:4 |     253 |       0 |   0.0 |      14 |       0 |   0.0
            +---------+---------+-------+---------+---------+-------
